| TOP OF THE 1ST |
|
Salt Lake Bees batting - Pitching for Columbus Clippers : RHP Roberto Reyes
|
|
Pitching: RHP Roberto Reyes
|
|
|
Batting: RHB Kian-tat Chen
|
0-0: Ball 1-0: Ball 2-0: Ball 3-0: Base on Balls
|
|
Batting: LHB James McCauley
|
0-0: Foul Ball, location: 2F 0-1: Ball 1-1: Ball 2-1: Ball 3-1: SINGLE (Groundball, 4MS, EV 67.5 MPH) (infield hit) Kian-tat Chen to second
|
|
Batting: LHB Jonathon Walton
|
0-0: Called Strike 0-1: Ball 1-1: Foul Ball, location: 2F 1-2: Foul Ball, location: 2F 1-2: SINGLE (Groundball, 6MD, EV 108.1 MPH) Kian-tat Chen to third James McCauley to second Runner from 3rd tries for Home, SAFE, throw by CF to home
|
|
Batting: LHB Micah Miller
|
0-0: Fly out, F7 (Flyball, 78S, EV 94.4 MPH)
|
|
Batting: RHB Melvin Gomez
|
0-0: SINGLE (Groundball, 4MD, EV 107.5 MPH) James McCauley to third Jonathon Walton to second Runner from 3rd tries for Home, SAFE, throw by CF to home
|
|
Batting: LHB Brett Bugge
|
0-0: Ball 1-0: Fly out, F8 (Line Drive, 8LM, EV 90.6 MPH)
|
|
Batting: RHB Jeff Long
|
0-0: Called Strike 0-1: Foul Ball, location: 2F 0-2: SINGLE (Groundball, 4MD, EV 106.2 MPH) Jonathon Walton to third Melvin Gomez to second Runner from 3rd tries for Home, SAFE, throw by CF to home
|
|
Batting: RHB Brandon Davis
|
0-0: Swinging Strike 0-1: Ball 1-1: Called Strike 1-2: Ball 2-2: Strikes out swinging
|
| Top of the 1st over - 3 runs, 4 hits, 0 errors, 2 left on base; Salt Lake 3 - Columbus 0 |
| BOTTOM OF THE 1ST |
|
Columbus Clippers batting - Pitching for Salt Lake Bees : RHP Jared Pollard
|
|
Pitching: RHP Jared Pollard
|
|
|
Batting: RHB Chang-wei Jiang
|
0-0: Called Strike 0-1: Ground out 6-3 (Groundball, 6, EV 86.2 MPH)
|
|
Batting: LHB Corey Trevor
|
0-0: Called Strike 0-1: Swinging Strike 0-2: Foul Ball, location: 2F 0-2: Ball 1-2: Fly out, F8 (Line Drive, 8RS, EV 96.2 MPH)
|
|
Batting: LHB Danny Dunham
|
0-0: Called Strike 0-1: Swinging Strike 0-2: Ground out 3-1 (Groundball, 34, EV 91.9 MPH)
|
| Bottom of the 1st over - 0 runs, 0 hits, 0 errors, 0 left on base; Salt Lake 3 - Columbus 0 |
| TOP OF THE 2ND |
|
Salt Lake Bees batting - Pitching for Columbus Clippers : RHP Roberto Reyes
|
|
Batting: RHB Terry Baginski
|
0-0: Called Strike 0-1: Foul Ball, location: 2F 0-2: Ball 1-2: Strikes out looking
|
|
Batting: RHB Kian-tat Chen
|
0-0: Called Strike 0-1: Foul Ball, location: 2F 0-2: Foul Ball, location: 2F 0-2: Fly out, F5 (Popup, 15, EV 89.4 MPH)
|
|
Batting: LHB James McCauley
|
0-0: Ball 1-0: Ball 2-0: Ball 3-0: Base on Balls
|
|
Batting: LHB Jonathon Walton
|
0-0: Foul Ball, location: 2F 0-1: Called Strike 0-2: Foul Ball, location: 2F 0-2: Foul Ball, location: 2F 0-2: Ball 1-2: Fly out, F4 (Popup, 4, EV 68.8 MPH)
|
| Top of the 2nd over - 0 runs, 0 hits, 0 errors, 1 left on base; Salt Lake 3 - Columbus 0 |
| BOTTOM OF THE 2ND |
|
Columbus Clippers batting - Pitching for Salt Lake Bees : RHP Jared Pollard
|
|
Batting: LHB Stu Sornson
|
0-0: Called Strike 0-1: Ball 1-1: Ball 2-1: Swinging Strike 2-2: Strikes out looking
|
|
Batting: LHB Robert Watson
|
0-0: Swinging Strike 0-1: Ball 1-1: Foul Ball, location: 2F 1-2: Ball 2-2: Strikes out swinging
|
|
Batting: RHB Josh Hoeye
|
0-0: Swinging Strike 0-1: Ball 1-1: Ball 2-1: Foul Ball, location: 2F 2-2: Ball 3-2: Foul Ball, location: 2F 3-2: Foul Ball, location: 2F 3-2: Foul Ball, location: 2F 3-2: Foul Ball, location: 2F 3-2: Fly out, F7 (Line Drive, 7S, EV 90.6 MPH)
|
| Bottom of the 2nd over - 0 runs, 0 hits, 0 errors, 0 left on base; Salt Lake 3 - Columbus 0 |
| TOP OF THE 3RD |
|
Salt Lake Bees batting - Pitching for Columbus Clippers : RHP Roberto Reyes
|
|
Batting: LHB Micah Miller
|
0-0: Ball 1-0: DOUBLE (Line Drive, 7LM, EV 99.4 MPH)
|
|
Batting: RHB Melvin Gomez
|
0-0: Foul Ball, location: 2F 0-1: Called Strike 0-2: Ball 1-2: Strikes out looking
|
|
Batting: LHB Brett Bugge
|
0-0: Ball 1-0: Ball 2-0: Called Strike 2-1: Reached on error, E6 (Groundball, P, EV 81.2 MPH) Micah Miller scores
|
|
Batting: RHB Jeff Long
|
0-0: Ball 1-0: Ball 2-0: Ball 3-0: Called Strike 3-1: Called Strike 3-2: Strikes out swinging
|
|
Batting: RHB Brandon Davis
|
0-0: Called Strike 0-1: Foul Ball, location: 2F 0-2: Strikes out swinging
|
| Top of the 3rd over - 1 run, 1 hit, 1 error, 1 left on base; Salt Lake 4 - Columbus 0 |
| BOTTOM OF THE 3RD |
|
Columbus Clippers batting - Pitching for Salt Lake Bees : RHP Jared Pollard
|
|
Batting: RHB Stephen Charbonneau
|
0-0: Foul Ball, location: 2F 0-1: Called Strike 0-2: Ball 1-2: Strikes out swinging
|
|
Batting: SHB Scott Scott
|
0-0: Ground out 4-3 (Groundball, 34, EV 88.1 MPH)
|
|
Batting: SHB Dan Hill
|
0-0: Ball 1-0: Foul Ball, location: 2F 1-1: Ground out 4-3 (Groundball, 4, EV 85.6 MPH)
|
| Bottom of the 3rd over - 0 runs, 0 hits, 0 errors, 0 left on base; Salt Lake 4 - Columbus 0 |
| TOP OF THE 4TH |
|
Salt Lake Bees batting - Pitching for Columbus Clippers : RHP Roberto Reyes
|
|
Batting: RHB Terry Baginski
|
0-0: Foul Ball, location: 2F 0-1: SINGLE (Groundball, 4MS, EV 68.1 MPH) (infield hit)
|
|
Batting: RHB Kian-tat Chen
|
0-0: Ball 1-0: Foul Ball, location: 2F 1-1: Foul Ball, location: 2F 1-2: Ball 2-2: Ball 3-2: SINGLE (Line Drive, 4D, EV 95.6 MPH) Terry Baginski to second Runner from 2nd tries for 3rd, SAFE, throw by CF made to third
|
|
Batting: LHB James McCauley
|
0-0: Ball 1-0: Ball 2-0: Foul Ball, location: 2F 2-1: Ball 3-1: Foul Ball, location: 2F 3-2: Grounds into double play, 4-6-3 (Groundball, 34, EV 85.0 MPH) Terry Baginski scores
|
|
Batting: LHB Jonathon Walton
|
0-0: SINGLE (Line Drive, 3L, EV 99.4 MPH)
|
|
Pitching: RHP Ryan Southerland
|
|
|
Batting: LHB Micah Miller
|
0-0: Swinging Strike 0-1: Ball 1-1: Ball 2-1: Foul Ball, location: 2F 2-2: Ball 3-2: Foul Ball, location: 2F 3-2: Strikes out swinging
|
| Top of the 4th over - 1 run, 3 hits, 0 errors, 1 left on base; Salt Lake 5 - Columbus 0 |
| BOTTOM OF THE 4TH |
|
Columbus Clippers batting - Pitching for Salt Lake Bees : RHP Jared Pollard
|
|
Batting: RHB Chang-wei Jiang
|
0-0: Foul Ball, location: 2F 0-1: Ball 1-1: Ball 2-1: Ball 3-1: Swinging Strike 3-2: Base on Balls
|
|
Batting: LHB Corey Trevor
|
0-0: Ball 1-0: Swinging Strike 1-1: Foul Ball, location: 2F 1-2: Strikes out swinging Chang-wei Jiang steals 2nd base (no throw) Batter strikes out.
|
|
Batting: LHB Danny Dunham
|
0-0: Called Strike 0-1: Ball Wild Pitch! Chang-wei Jiang to third 1-1: Ball 2-1: Swinging Strike 2-2: Strikes out swinging
|
|
Batting: LHB Stu Sornson
|
0-0: Foul Ball, location: 2F 0-1: Ball 1-1: Foul Ball, location: 2F 1-2: Reached on error, E6 (Groundball, 6, EV 101.9 MPH) Chang-wei Jiang scores
|
|
Batting: LHB Robert Watson
|
0-0: Ground out U3 (Groundball, 3L, EV 101.2 MPH)
|
| Bottom of the 4th over - 1 run, 0 hits, 1 error, 1 left on base; Salt Lake 5 - Columbus 1 |
| TOP OF THE 5TH |
|
Salt Lake Bees batting - Pitching for Columbus Clippers : RHP Ryan Southerland
|
|
Batting: RHB Melvin Gomez
|
0-0: Swinging Strike 0-1: Ball 1-1: Fly out, F8 (Flyball, 89M, EV 83.8 MPH)
|
|
Batting: LHB Brett Bugge
|
0-0: Ball 1-0: Ball 2-0: Swinging Strike 2-1: Foul Ball, location: 2F 2-2: Foul Ball, location: 2F 2-2: Strikes out swinging
|
|
Batting: RHB Jeff Long
|
0-0: Swinging Strike 0-1: Ball 1-1: Foul Ball, location: 2F 1-2: Strikes out swinging
|
| Top of the 5th over - 0 runs, 0 hits, 0 errors, 0 left on base; Salt Lake 5 - Columbus 1 |
| BOTTOM OF THE 5TH |
|
Columbus Clippers batting - Pitching for Salt Lake Bees : RHP Jared Pollard
|
|
Batting: RHB Josh Hoeye
|
0-0: Ball 1-0: Called Strike 1-1: Called Strike 1-2: Hit by Pitch
|
|
Batting: RHB Stephen Charbonneau
|
0-0: Ball 1-0: Called Strike 1-1: DOUBLE (Line Drive, 8RXD, EV 109.4 MPH) Josh Hoeye to third
|
|
Batting: SHB Scott Scott
|
0-0: Ball 1-0: Called Strike 1-1: SINGLE (Groundball, P, EV 89.4 MPH) (infield hit) Josh Hoeye scores Stephen Charbonneau to third
|
|
Batting: SHB Dan Hill
|
0-0: Foul Ball, location: 2F 0-1: Called Strike 0-2: Foul Ball, location: 2F 0-2: Grounds into double play, 4-6-3 (Groundball, 4S, EV 83.1 MPH) Stephen Charbonneau scores
|
|
Batting: RHB Chang-wei Jiang
|
0-0: Called Strike 0-1: Ball 1-1: Called Strike 1-2: Ball 2-2: Ball 3-2: Fly out, F9 (Line Drive, 89S, EV 87.5 MPH)
|
| Bottom of the 5th over - 2 runs, 2 hits, 0 errors, 0 left on base; Salt Lake 5 - Columbus 3 |
| TOP OF THE 6TH |
|
Salt Lake Bees batting - Pitching for Columbus Clippers : RHP Ryan Southerland
|
|
Batting: RHB Brandon Davis
|
0-0: Foul Ball, location: 2F 0-1: Fly out, F6 (Popup, 6, EV 62.5 MPH)
|
|
Batting: RHB Terry Baginski
|
0-0: Ball 1-0: Called Strike 1-1: Called Strike 1-2: Ball 2-2: Foul Ball, location: 2F 2-2: Fly out, F8 (Line Drive, 89M, EV 93.1 MPH)
|
|
Batting: RHB Kian-tat Chen
|
0-0: Ball 1-0: Called Strike 1-1: Ball 2-1: Foul Ball, location: 2F 2-2: Strikes out looking
|
| Top of the 6th over - 0 runs, 0 hits, 0 errors, 0 left on base; Salt Lake 5 - Columbus 3 |
| BOTTOM OF THE 6TH |
|
Columbus Clippers batting - Pitching for Salt Lake Bees : RHP Jared Pollard
|
|
Batting: LHB Corey Trevor
|
0-0: Ball 1-0: Foul Ball, location: 2F 1-1: Swinging Strike 1-2: Foul Ball, location: 2F 1-2: Ball 2-2: Fly out, F8 (Flyball, 8RXD, EV 107.5 MPH)
|
|
Batting: LHB Danny Dunham
|
0-0: Called Strike 0-1: Ball 1-1: Foul Ball, location: 2F 1-2: Ball 2-2: Ball 3-2: Base on Balls
|
|
Batting: LHB Stu Sornson
|
0-0: Called Strike 0-1: Fielders Choice at 2nd, 4-6 (Groundball, 4, EV 81.2 MPH)
|
|
Batting: LHB Robert Watson
|
0-0: Foul Ball, location: 2F 0-1: Ground out 4-3 (Groundball, 4, EV 93.8 MPH)
|
| Bottom of the 6th over - 0 runs, 0 hits, 0 errors, 1 left on base; Salt Lake 5 - Columbus 3 |
| TOP OF THE 7TH |
|
Salt Lake Bees batting - Pitching for Columbus Clippers : RHP Ryan Southerland
|
|
Pitching: LHP Jason Breeden
|
|
|
Batting: LHB James McCauley
|
0-0: Ball 1-0: Ground out 5-3 (Groundball, 6S, EV 92.5 MPH)
|
|
Batting: LHB Jonathon Walton
|
0-0: Ball 1-0: Swinging Strike 1-1: Called Strike 1-2: Strikes out swinging
|
|
Batting: LHB Micah Miller
|
0-0: Ball 1-0: Called Strike 1-1: Foul Ball, location: 2F 1-2: Strikes out swinging
|
| Top of the 7th over - 0 runs, 0 hits, 0 errors, 0 left on base; Salt Lake 5 - Columbus 3 |
| BOTTOM OF THE 7TH |
|
Columbus Clippers batting - Pitching for Salt Lake Bees : RHP Jared Pollard
|
|
Pitching: RHP Joe Beam
|
|
|
Batting: RHB Josh Hoeye
|
0-0: Ball 1-0: Swinging Strike 1-1: Ball 2-1: Foul Ball, location: 2F 2-2: Ball 3-2: Base on Balls
|
|
Pinch Hitting: LHB Justin Barker
|
0-0: Ball 1-0: Swinging Strike 1-1: Foul Ball, location: 2F 1-2: Ball 2-2: SINGLE (Groundball, 34S, EV 66.2 MPH) (infield hit) Josh Hoeye to second
|
|
Batting: SHB Scott Scott
|
0-0: Called Strike 0-1: Bunted foul 0-2: Ball 1-2: Ball 2-2: Foul Ball, location: 2F 2-2: Grounds out, U3 (Groundball, 3L, EV 83.8 MPH) Josh Hoeye to third
|
|
Batting: SHB Dan Hill
|
0-0: Foul Ball, location: 2F 0-1: Ball 1-1: Foul Ball, location: 2F 1-2: Ball 2-2: SINGLE (Groundball, 4MD, EV 100.6 MPH) Josh Hoeye scores Justin Barker to third Runner from 3rd tries for Home, SAFE, throw by CF to home
|
|
Pinch Hitting: LHB Jesus Lozano
|
0-0: Called Strike 0-1: Fly out, F7 (Flyball, 7S, EV 92.5 MPH)
|
|
Batting: LHB Corey Trevor
|
0-0: Ground out U3 (Groundball, 3, EV 85.0 MPH)
|
| Bottom of the 7th over - 2 runs, 2 hits, 0 errors, 1 left on base; Salt Lake 5 - Columbus 5 |
| TOP OF THE 8TH |
|
Salt Lake Bees batting - Pitching for Columbus Clippers : LHP Jason Breeden
|
|
Now at 2B: Jesus Lozano
|
|
|
Now at 3B: Justin Barker
|
|
|
Now at SS: Scott Scott
|
|
|
Batting: RHB Melvin Gomez
|
0-0: Swinging Strike 0-1: Ball 1-1: Swinging Strike 1-2: Foul Ball, location: 2F 1-2: Ball 2-2: Foul Ball, location: 2F 2-2: Ball 3-2: Foul Ball, location: 2F 3-2: Base on Balls
|
|
Batting: LHB Brett Bugge
|
0-0: Ball Melvin Gomez is caught stealing 2nd base 2-6 1-0: Swinging Strike 1-1: DOUBLE (Line Drive, 5D, EV 95.6 MPH)
|
|
Batting: RHB Jeff Long
|
0-0: Ball 1-0: Foul Ball, location: 2F 1-1: Swinging Strike 1-2: Foul Ball, location: 2F 1-2: Strikes out swinging
|
|
Batting: RHB Brandon Davis
|
0-0: Ball 1-0: Called Strike 1-1: Ball 2-1: Foul Ball, location: 2F 2-2: Strikes out swinging
|
| Top of the 8th over - 0 runs, 1 hit, 0 errors, 1 left on base; Salt Lake 5 - Columbus 5 |
| BOTTOM OF THE 8TH |
|
Columbus Clippers batting - Pitching for Salt Lake Bees : RHP Joe Beam
|
|
Pitching: RHP Harry Christopher
|
|
|
Batting: LHB Danny Dunham
|
0-0: Called Strike 0-1: Ball 1-1: Ball 2-1: Foul Ball, location: 2F 2-2: Ball 3-2: Foul Ball, location: 2F 3-2: Ground out 6-3 (Groundball, 6, EV 90.6 MPH)
|
|
Batting: LHB Stu Sornson
|
0-0: Ball 1-0: Ball 2-0: Ball 3-0: Called Strike 3-1: Foul Ball, location: 2F 3-2: Strikes out swinging
|
|
Batting: LHB Robert Watson
|
0-0: Ball 1-0: Foul Ball, location: 2F 1-1: SINGLE (Line Drive, 89S, EV 113.8 MPH)
|
|
Batting: RHB Josh Hoeye
|
0-0: Ball 1-0: Called Strike 1-1: Foul Ball, location: 2F 1-2: Strikes out looking
|
| Bottom of the 8th over - 0 runs, 1 hit, 0 errors, 1 left on base; Salt Lake 5 - Columbus 5 |
| TOP OF THE 9TH |
|
Salt Lake Bees batting - Pitching for Columbus Clippers : LHP Jason Breeden
|
|
Pitching: RHP Chris Cohen
|
|
|
Pinch Hitting: SHB Butch Brown
|
0-0: SOLO HOME RUN (Flyball, 89XD, EV 100.0 MPH), Distance : 392 ft
|
|
Batting: RHB Kian-tat Chen
|
0-0: Foul Ball, location: 2F 0-1: Swinging Strike 0-2: Ball 1-2: Ball 2-2: Ball 3-2: Ground out 6-3 (Groundball, 6, EV 86.9 MPH)
|
|
Batting: LHB James McCauley
|
0-0: Ball 1-0: Called Strike 1-1: Ball 2-1: Swinging Strike 2-2: Foul Ball, location: 2F 2-2: Ground out 4-3 (Groundball, 4, EV 86.2 MPH)
|
|
Batting: LHB Jonathon Walton
|
0-0: Ball 1-0: Foul Ball, location: 2F 1-1: Ball 2-1: Ball 3-1: Foul Ball, location: 2F 3-2: Strikes out looking
|
| Top of the 9th over - 1 run, 1 hit, 0 errors, 0 left on base; Salt Lake 6 - Columbus 5 |
| BOTTOM OF THE 9TH |
|
Columbus Clippers batting - Pitching for Salt Lake Bees : RHP Harry Christopher
|
|
Now at C: Micah Miller
|
|
|
Now at 2B: Jeff Long
|
|
|
Now at SS: Josh Faulconer
|
|
|
Now in RF: Kian-tat Chen
|
|
|
Batting: LHB Justin Barker
|
0-0: Foul Ball, location: 2F 0-1: Ball 1-1: Foul Ball, location: 2F 1-2: SINGLE (Line Drive, 8LS, EV 105.6 MPH)
|
|
Batting: SHB Scott Scott
|
0-0: Sac Bunt to P - play at first, batter OUT! 1-3 Justin Barker to second
|
|
Batting: SHB Dan Hill
|
0-0: Ball 1-0: Called Strike 1-1: Ball 2-1: Called Strike 2-2: Strikes out swinging
|
|
Batting: LHB Jesus Lozano
|
0-0: Foul Ball, location: 2F 0-1: Swinging Strike 0-2: Strikes out looking
|
| Bottom of the 9th over - 0 runs, 1 hit, 0 errors, 1 left on base; Salt Lake 6 - Columbus 5 |
|